 Dungeon Crawl Stone Soup version 0.30-a0-1074-g5db6f66fbb (webtiles) character file.

Game seed: 1329552749282505351

917 jimonade the Slasher (level 8, -12/61 HPs)
             Began as a Formicid Fighter on Apr 14, 2023.
             Was a Follower of Cheibriados.
             Killed by divine providence
             ... invoked by an orc priest
              (15 damage)
             ... on level 6 of the Dungeon.
             The game lasted 00:09:36 (4776 turns).

jimonade the Slasher (Formicid Fighter)             Turns: 4776, Time: 00:09:37

Health: -12/61     AC:  9    Str: 22    XL:     8   Next: 31%
Magic:  8/8        EV: 11    Int: 11    God:    Cheibriados [*.....]
Gold:   50         SH:  6    Dex: 17    Spells: 7/7 levels left

rFire   . . .      SeeInvis +    a - +1 long sword
rCold   . . .      Faith    .    c - +0 buckler
rNeg    . . .      Spirit   .    s - +0 ring mail
rPois   .          Reflect  .    (helmet unavailable)
rElec   .          Rampage  .    x - +0 cloak
rCorr   +                        v - +1 pair of gloves
Will    +....                    (no boots)
Stlth   +                        (no amulet)
HPRegen 0.30/turn                A - ring of willpower
MPRegen 0.11/turn                E - ring of resist corrosion

@: very slow
A: permanent stasis, dig shafts and tunnels, antennae 3, four strong arms
a: Dig, Shaft Self, Renounce Religion, Bend Time


You were on level 6 of the Dungeon.
You worshipped Cheibriados.
Cheibriados was aware of your devotion.
You visited 2 branches of the dungeon, and saw 7 of its levels.
You also visited: Ossuary.

You collected 185 gold pieces.
You spent 135 gold pieces at shops.

Inventory:

Hand Weapons
 a - a +1 long sword (weapon)
 g - the +0 dagger "Killer Bee's Death" {flame, rPois Will+ MP+9}
   (You found it on level 2 of the Dungeon)

   rPois:     It protects you from poison.
   MP:        It affects your magic capacity (+9).
   Will:      It increases your willpower.
Missiles
 i - 3 poisoned darts
Armour
 c - a +0 buckler (worn)
 l - a +0 plate armour
 p - a +0 leather armour
 s - a +0 ring mail (worn)
 v - a +1 pair of gloves (worn)
 x - a +0 cloak (worn)
Jewellery
 A - a ring of willpower (left hand)
 C - a ring of magical power
 E - a ring of resist corrosion (right hand)
Wands
 u - a wand of charming (2)
Scrolls
 f - 3 scrolls of identify
 h - 4 scrolls of vulnerability
 n - a scroll of fear
 y - 2 scrolls of immolation
Potions
 d - 2 potions of might
 e - a potion of magic
 j - a potion of invisibility {unknown}
 k - a potion of resistance {unknown}
 m - 2 potions of flight {unknown}
 o - 2 potions of berserk rage {unknown}
 q - a potion of haste {unknown}
 r - 3 potions of mutation
 t - 2 potions of curing {unknown}
 w - 2 potions of heal wounds {unknown}
 z - a potion of cancellation {unknown}


   Skills:
 + Level 4.7 Fighting
 + Level 6.7 Long Blades
 + Level 5.4 Armour
 + Level 1.3 Dodging
 + Level 1.2 Stealth
 + Level 5.5 Shields


You had 7 spell levels left.
You didn't know any spells.
Your spell library contained the following spells:

 Spells                   Type           Power      Damage    Failure   Level
 Sandblast                Erth           0%         2d4       54%         1
 Passwall                 Tmut/Erth      0%         N/A       69%         2
 Portal Projectile        Hex/Tloc       0%         N/A       89%         3
 Stone Arrow              Conj/Erth      0%         3d7       89%         3
 Tukima's Dance           Hex            0%         N/A       89%         3
 Anguish                  Hex/Necr       0%         N/A       100%        4
 Cause Fear               Hex            0%         N/A       100%        4
 Blade Hands              Tmut           0%         N/A       100%        5
 Enfeeble                 Hex            0%         N/A       100%        7


Dungeon Overview and Level Annotations

Branches:
Dungeon (6/15)             Temple (1/1) D:4         Ossuary (visited)

Altars:
Ashenzari
Cheibriados
Dithmenos
Fedhas
Hepliaklqana
Kikubaaqudgha
Makhleb
Nemelex Xobeh
Okawaru
Qazlal
Ru
Sif Muna
Trog
Uskayaw
Vehumet
Wu Jian
Xom
Yredelemnul
Zin
The Shining One

Shops:
D:5 *


Innate Abilities, Weirdness & Mutations

You cannot be hasted, slowed, berserked, paralysed or teleported.
You can dig through walls and to a lower floor.
You have a pair of large antennae on your head. (SInv)
Your four strong arms can wield two-handed weapons with a shield.


Message History

The orc wizard casts a spell at you. The puff of flame hits you.
The orc priest invokes the aid of Beogh against you.
Beogh smites you!
* * * LOW HITPOINT WARNING * * *
You hear a shout!
You see here an adder corpse.
The orc wizard hits you but does no damage.
You see here an adder corpse.
You closely miss the orc wizard. The orc wizard barely misses you.
You hit the orc wizard.
The orc wizard is lightly wounded.
The orc wizard casts a spell at you. The puff of flame hits you!
* * * LOW HITPOINT WARNING * * *
You slash the orc wizard!
The orc wizard is heavily wounded.
The orc wizard mumbles some strange words.
The orc wizard flickers and vanishes for a moment.
You hit the orc wizard.
You kill the orc wizard!
Cheibriados appreciates the change of pace.
The orc priest calls down the wrath of Beogh upon you.
You easily resist.
The orc priest hits you with a +2 flail of holy wrath!
* * * LOW HITPOINT WARNING * * *
The orc priest casts a cantrip, but nothing happens.
Things that are here:
a +0 dagger; a +0 robe; an orc corpse You slash the orc priest!
The orc priest is severely wounded.
The orc priest closely misses you.
You closely miss the orc priest.
The orc priest is severely wounded.
The orc priest closely misses you.
You hit the orc priest.
The orc priest is almost dead.
The orc priest calls down the wrath of Beogh upon you.
Beogh smites you!
You die...

.o. #.....# ..#
.....### { {o.
.......# #.
#......#
#.#######......#
#..............#
#..o.......#####
#>########o#
#.#.....##@#
#.#.###.##†#
#.#.#
#.##.###########
#.#.#
#.##...........#
#.#.#
#.############.#
#.# #.......#
#.#
#.####..###.#
#.#
#.##........#
#.#
#.##........#
#.#


You could see an orc priest.

Vanquished Creatures
  Menkaure (D:4)
  An ice beast (D:5)
  2 ogres (D:5)
  A bullfrog (D:6)
  A centaur zombie (Ossuary)
  2 human zombies (Ossuary)
  A jelly (D:5)
  An orc priest (D:4)
  2 iguanas
  2 orc wizards
  5 mummies
  6 adders
  An ufetubus (D:4)
  4 worms (D:2)
  A dart slug (D:5)
  2 orcs
  2 endoplasms (D:2)
  5 giant cockroaches
  2 goblins (D:4)
  4 hobgoblins
  5 jackals
  5 quokkas
  5 ball pythons
  4 bats
  2 gnoll zombies (Ossuary)
  A goblin zombie (Ossuary)
  3 hobgoblin zombies
  5 kobolds
  A kobold zombie (Ossuary)
  A rat (D:3)
78 creatures vanquished.

Vanquished Creatures (others)
  An orc wizard (D:4)
1 creature vanquished.

Grand Total: 79 creatures vanquished

Notes
Turn   | Place    | Note
-------+----------+-------------------------------------------
     0 | D:1      | jimonade the Formicid Fighter began the quest for the Orb.
     0 | D:1      | Reached XP level 1. HP: 18/18 MP: 1/1
    63 | D:1      | You fall into a shaft and drop 1 floor!
    74 | D:2      | Identified the +0 dagger "Killer Bee's Death" {flame, rPois
                  | Will+ MP+9}
   120 | D:2      | Reached XP level 2. HP: 24/24 MP: 2/2
   295 | D:2      | Reached XP level 3. HP: 29/29 MP: 3/3
   778 | D:3      | Reached XP level 4. HP: 37/37 MP: 4/4
   887 | D:3      | Reached skill level 3 in Long Blades
  1655 | D:4      | Found a bloodstained altar of Trog.
  1725 | D:4      | Found a staircase to the Ecumenical Temple.
  1734 | Temple   | Entered the Ecumenical Temple
  2094 | D:4      | Found a hide-covered altar of Uskayaw.
  2097 | D:4      | Found a sparkling altar of Nemelex Xobeh.
  2098 | D:4      | Found a sacrificial altar of Ru.
  2104 | D:4      | Found a shadowy altar of Dithmenos.
  2105 | D:4      | Found an iron altar of Okawaru.
  2116 | D:4      | Reached XP level 5. HP: 17/42 MP: 5/5
  2223 | D:4      | Found an ornate altar of the Wu Jian Council.
  2223 | D:4      | Found a shimmering altar of Xom.
  2224 | D:4      | Found a stormy altar of Qazlal.
  2226 | D:4      | Found a glowing silver altar of Zin.
  2230 | D:4      | Found a blossoming altar of Fedhas.
  2231 | D:4      | Found an ancient bone altar of Kikubaaqudgha.
  2284 | D:4      | Found a snail-covered altar of Cheibriados.
  2295 | D:4      | Became a worshipper of Cheibriados the Contemplative
  2373 | D:4      | Noticed Menkaure
  2379 | D:4      | Killed Menkaure
  2380 | D:4      | Reached skill level 4 in Long Blades
  2380 | D:4      | Reached XP level 6. HP: 12/48 MP: 6/6
  2778 | D:5      | Entered Level 5 of the Dungeon
  2886 | D:5      | Found a sand-covered staircase.
  2899 | Ossuary  | Entered an ossuary
  2945 | Ossuary  | Reached skill level 5 in Long Blades
  3040 | Ossuary  | Reached XP level 7. HP: 52/54 MP: 7/7
  3164 | Ossuary  | Reached skill level 5 in Shields
  3421 | D:5      | HP: 1/55 [acid (7)]
  3622 | D:5      | Found Umud Ixoi's Assorted Antiques.
  3639 | D:5      | Reached skill level 6 in Long Blades
  3639 | D:5      | Reached skill level 5 in Armour
  3639 | D:5      | Reached skill level 1 in Dodging
  3806 | D:5      | Bought a twisted sapphire ring for 135 gold pieces
  3836 | D:5      | Reached skill level 1 in Stealth
  3836 | D:5      | Reached XP level 8. HP: 24/61 MP: 8/8
  4057 | D:5      | Found a radiant altar of Vehumet.
  4659 | D:6      | Reached * piety under Cheibriados
  4773 | D:6      | HP: 2/61 [orc priest/+2 flail of holy wrath (7)]
  4776 | D:6      | Killed from afar by an orc priest

Illustrated notes

Levels and vault maps discovered:
D:1:      lemuel_arrival_muddy, layout_basic, serial_aquarium,
          aquarium_bridge_long_separate [aquarium_subvault_window,
          aquarium_subvault_balcony, aquarium_subvault_bridge,
          aquarium_subvault_wall, aquarium_subvault_balcony,
          aquarium_subvault_bridge], aquarium_window_1,
          aquarium_window_corridor_3, aquarium_window_1, aquarium_window_fake,
          aquarium_view_2b, aquarium_balcony_3b, minmay_misc_feat_encased
D:2:      layout_basic
D:3:      layout_basic, kennysheep_donut, minmay_misc_feat_hallway
D:4:      layout_cave_pods, slow_altar_2, mainiacjoe_overflow_tiny_flanked,
          nicolae_overflow_hallway_of_the_gods, minmay_temple_entry_glass,
          uniq_menkaure
D:5:      layout_basic, mainiacjoe_overflow_boulevard, serial_shops,
          nicolae_shop_advertising_works [nicolae_subvault_shop_adworks],
          nicolae_ossuary_entry_giza
D:6:      layout_basic, nicolae_water_bricks, corexii_shack
Temple:   hellmonk_temple_flake

Skill      XL: |  1  2  3  4  5  6  7 |
---------------+----------------------+-----
Long Blades    | 3 4 5 6 |  6.7
Armour         | 4 5 |  5.4
Fighting       | 4 |  4.7
Shields        | 5 |  5.5
Dodging        | 1 |  1.3
Stealth        | 1 |  1.2

Action                     |  1- 3 |  4- 6 |  7- 9 || total
---------------------------+-------+-------+-------++-------
  Melee: Long sword        |    94 |   164 |   111 ||   369
    Use: Scroll            |       |     8 |     3 ||    11
 Armour: Scale mail        |    44 |    33 |       ||    77
         Ring mail         |       |    16 |    21 ||    37
  Dodge: Dodged            |    35 |    59 |    45 ||   139
  Block: Buckler           |    24 |    39 |    21 ||    84

Table legend: (Time is in decaauts)
 A = Elapsed time spent in this place.
 B = Non-inter-level travel time spent in this place.
 C = Inter-level travel time spent in this place.
 D = Time resting spent in this place.
 E = Time spent auto-exploring this place.
 F = Levels seen in this place.
 G = Mean time per level.
                   A        B        C        D        E       F      G
               +--------+--------+--------+--------+--------+-----+--------+
         Total |   5280 |   5111 |    169 |    315 |   3275 |   8 |  660.0 |
       Dungeon |   4684 |   4524 |    160 |    243 |   3109 |   6 |  780.7 |
        Temple |    152 |    143 |      9 |      0 |    136 |   1 |  152.0 |
       Ossuary |    443 |    443 |      0 |     72 |     29 |   1 |  443.0 |
               +--------+--------+--------+--------+--------+-----+--------+

Top non-repeatable levels by time:
     D:5: 1766 daAuts
     D:4: 1268 daAuts
     D:2: 726 daAuts
     D:3: 686 daAuts
 Ossuary: 443 daAuts
     D:6: 169 daAuts
  Temple: 152 daAuts
     D:1: 67 daAuts
